 Dungeon Crawl Stone Soup version 0.32-a0-932-g546787307d (webtiles) character file.

Game seed: 12084441407714755075

12562 Syneil the Spear-Bearer (level 11, -1/130 HPs)
             Began as a Coglin Gladiator on Apr 13, 2024.
             Was a Priest of Wu Jian.
             Slain by a cane toad (2 damage)
             ... on level 2 of the Lair of Beasts on Apr 14, 2024.
             The game lasted 00:23:11 (9202 turns).

Syneil the Spear-Bearer (Coglin Gladiator)          Turns: 9202, Time: 00:23:12

Health: -1/130     AC: 23    Str: 19    XL:     11   Next: 95%
Magic:  11/11      EV: 13    Int:  8    God:    Wu Jian [***...]
Gold:   628        SH:  0    Dex: 15    Spells: 10/10 levels left

rFire   . . .        s - +0 trident (protect) {Olaf}
rCold   . . .        a - +4 spear (venom) {Surin}
rNeg    . . .        y - +5 leather armour "Egrim" {Rampage rPois Will+}
rPois   +            t - +2 hat
rElec   .            g - +0 cloak
rCorr   .            h - +0 pair of gloves
SInv    .            x - +1 pair of boots
Will    +....        (amulet unavailable) Stlth
                     (ring unavailable)
HPRegen 0.41/turn    (ring unavailable)
MPRegen 0.12/turn    (no gizmo)

%: rampage
@: berserking, under a protective aura, revved, very quick
A: off-hand wielding, slow wielding, warmup strikes, no jewellery
a: Invent Gizmo, Renounce Religion, Wall Jump, Serpent's Lash


You were on level 2 of the Lair of Beasts.
You worshipped Wu Jian.
Wu Jian was most pleased with you.
You visited 3 branches of the dungeon, and saw 13 of its levels.
You also visited: Bailey.

You collected 814 gold pieces.
You spent 186 gold pieces at shops.

Inventory:

Hand Weapons
 a - a +4 spear of venom (offhand) {Surin}
   (You bought it in a shop on level 1 of the Dungeon)
 s - a +0 trident of protection (weapon) {Olaf}
Missiles
 d - 3 throwing nets (quivered) {!f}
 e - a javelin
Armour
 g - a +0 cloak (worn)
   (You found it on level 1 of the Dungeon)
 h - a +0 pair of gloves (worn)
   (You found it on level 1 of the Dungeon)
 t - a +2 hat (worn)
   (You found it on level 5 of the Dungeon)
 u - a +1 plate armour
   (You found it on level 3 of the Dungeon)
 x - a +1 pair of boots (worn)
   (You found it on level 5 of the Dungeon)
 y - the +5 leather armour "Egrim" (worn) {Rampage rPois Will+}
   (You found it on level 7 of the Dungeon)

   rPois:     It protects you from poison.
   Will+:     It increases your willpower.
   Rampage:   It bestows one free step when moving towards enemies.
Wands
 b - a wand of paralysis (6)
   (You took it off Ijyb on level 5 of the Dungeon)
 c - a wand of polymorph (17)
   (You took it off Duvessa on level 6 of the Dungeon)
 f - a wand of iceblast (9)
   (You took it off Maggie on level 6 of the Dungeon)
 l - a wand of acid (15)
   (You took it off an orc on level 4 of the Dungeon)
 C - a wand of digging (4)
   (You found it on level 8 of the Dungeon)
Scrolls
 j - 2 scrolls of fear
 n - 2 scrolls of fog
 p - 4 scrolls of blinking
 r - a scroll of brand weapon
 w - a scroll of teleportation {@r4}
 B - a scroll of immolation {!r}
 G - a scroll of summoning
Potions
 i - 2 potions of brilliance
 k - a potion of mutation {!q}
 m - 2 potions of curing {@q1}
 o - 2 potions of ambrosia
 q - 2 potions of haste {@q3}
 v - 5 potions of heal wounds {@q2}
 A - a potion of lignification {!q}
 D - 2 potions of invisibility {unknown}
 E - a potion of might {unknown}
 F - 3 potions of magic {unknown}
 H - a potion of resistance {unknown}
 I - a potion of enlightenment {unknown}
 J - a potion of cancellation {unknown}


   Skills:
 + Level 8.8 Fighting
 * Level 12.5 Polearms
 - Level 1.7 Throwing
 + Level 7.7 Armour
 + Level 6.0 Dodging


You had 10 spell levels left.
You didn't know any spells.
Your spell library contained the following spells:

 Spells                   Type           Power      Damage    Failure   Level
 Kiss of Death            Conj/Necr      0%         2d5       45%         1
 Blink                    Tloc           0%         N/A       58%         2
 Call Imp                 Summ           0%         N/A       58%         2
 Cigotuvi's Dreadful Rot  Necr/Alch/Air  0%         N/A       58%         2
 Lesser Beckoning         Tloc           0%         N/A       58%         2
 Momentum Strike          Conj/Tloc      0%         3d8       58%         2
 Sublimation of Blood     Necr           0%         N/A       58%         2
 Confusing Touch          Hex            0%         N/A       83%         3
 Frozen Ramparts          Ice            0%         1d1       83%         3
 Ozocubu's Armour         Ice            0%         N/A       83%         3
 Summon Ice Beast         Ice/Summ       0%         N/A       83%         3
 Dispel Undead            Necr           0%         3d6       99%         4
 Martyr's Knell           Necr/Summ      0%         N/A       99%         4
 Metabolic Englaciation   Hex/Ice        0%         N/A       100%        5
 Summon Mana Viper        Hex/Summ       0%         N/A       100%        5
 Monstrous Menagerie      Summ           0%         N/A       100%        7
 Summon Hydra             Summ           0%         N/A       100%        7


Dungeon Overview and Level Annotations

Branches:
Dungeon (10/15)            Temple (1/1) D:6            Lair (1/5) D:9
    Orc (0/2) D:10         Bailey (visited)

Altars:
Ashenzari
Cheibriados
Dithmenos
Elyvilon
Fedhas
Gozag
Hepliaklqana
Kikubaaqudgha
Makhleb
Nemelex Xobeh
Okawaru
Qazlal
Ru
Sif Muna
Trog
Uskayaw
Vehumet
Wu Jian
Xom
Yredelemnul
Zin
The Shining One

Shops:
D:1 [(   D:7 [   D:8 *

Portals:
Abyss: D:8

Annotations:
D:4 1 runed translucent door, ongoing's ghost, amateur GrMo
D:8 2 transporters, exclusion: killer bee, makewrite's ghost, novice MiBe


Innate Abilities, Weirdness & Mutations

You can wield a second weapon in your off-hand.
It takes a long time for you to wield or remove held weapons.
Your first few attacks do less damage.
You cannot equip rings or amulets.


Message History

The polar bear claws you but does no damage.
Unknown command.
You spin and attack the black mamba repeatedly.
You miss the black mamba with your +0 trident of protection.
You hit the black mamba with your +4 spear of venom.
You hit the black mamba with your +0 trident of protection.
You barely miss the black mamba with your +4 spear of venom.
You spin and attack the black mamba repeatedly.
You hit the black mamba with your +4 spear of venom.
The black mamba is poisoned.
You hit the black mamba with your +0 trident of protection.
You hit the black mamba but do no damage.
You closely miss the black mamba with your +4 spear of venom.
You feel sick.
You are no longer poisoned.
The black mamba bites you.
* * * LOW HITPOINT WARNING * * *
The black mamba barely misses you.
The black mamba bites you but does no damage. x2
The polar bear bites you.
* * * LOW HITPOINT WARNING * * *
The polar bear misses you. The polar bear closely misses you.
Unknown command.
You hit the polar bear but do no damage.
The polar bear looks as sick as possible!
You closely miss the polar bear with your +0 trident of protection.
The black mamba bites you.
* * * LOW HITPOINT WARNING * * *
The black mamba closely misses you.
Unknown command.
You closely miss the polar bear with your +0 trident of protection.
You hit the polar bear with your +4 spear of venom.
The polar bear looks as sick as possible!
The polar bear closely misses you.
The polar bear claws you but does no damage. x2
The black mamba bites you but does no damage.
The black mamba barely misses you.
Unknown command.
Unknown command.
A red film seems to cover your vision as you go berserk!
You feel yourself moving faster!
You feel mighty!
The black mamba bites you but does no damage.
The polar bear bites you.
* * * LOW HITPOINT WARNING * * *
The polar bear barely misses you. x2; The black mamba bites you!
* * * LOW HITPOINT WARNING * * *
The black mamba bites you.
* * * LOW HITPOINT WARNING * * *
The cane toad stings you.
You die...

#.. ..~~≈~~~♣.... #...
.P~~~≈~.....# ###....
..~.≈≈.~)... P......
...~≈~~~♣..# P......
.♣~~.~.~P..#####.....#
..~.~.♣~...##.......#
#..P~~..SSF###.....#
#...♣P..h@.##.....#.#
...................#
....#...........####
...............#.#
...##.........#.## .#
#..........###
##.......#.#
#.......### #......##


You could see a polar bear (berserk, extremely poisoned), 2 black mambas and a
cane toad.

Vanquished Creatures
  2 vault guards (Bailey)
  2 two-headed ogres
  A cyclops (D:9)
  Joseph (D:10)
  Maggie (D:6)
  A cane toad (Lair:2)
  A komodo dragon (Lair:2)
  Prince Ribbit (Bailey)
  7 wyverns
  A wraith (D:9)
  7 yaks
  Eustachio (D:4)
  6 humans (Bailey)
  4 steam dragons
  2 vampire mosquitoes (D:10)
  Duvessa (D:6)
  2 water moccasins
  An ice beast (D:6)
  4 orc warriors
  2 sky beasts
  3 ogres
  2 centaurs
  2 kobold brigands
  12 bullfrogs
  2 gnoll sergeants
  2 scorpions
  3 wights (D:7)
  Dowan (D:6)
  6 howler monkeys
  7 hounds
  3 jellies
  2 gnoll boudas
  8 orc priests
  Crazy Yiuf (D:6)
  Ijyb (D:5)
  7 iguanas
  11 orc wizards
  Robin (D:5)
  12 adders
  31 gnolls
  2 ufetubi (D:6)
  2 ribbon worms
  A dart slug (D:4)
  49 orcs
  4 endoplasms
  6 giant cockroaches
  15 goblins
  18 hobgoblins
  17 jackals
  3 quokkas
  7 ball pythons
  4 bats
  2 frilled lizards
  15 kobolds
  4 rats
314 creatures vanquished.

Vanquished Creatures (others)
  An orc (D:4)
1 creature vanquished.

Grand Total: 315 creatures vanquished

Notes
Turn   | Place    | Note
-------+----------+-------------------------------------------
     0 | D:1      | Syneil the Coglin Gladiator began the quest for the Orb.
     0 | D:1      | Reached XP level 1. HP: 16/16 MP: 1/1
    34 | D:1      | Reached skill level 3 in Polearms
    46 | D:1      | Reached XP level 2. HP: 21/22 MP: 2/2
   168 | D:1      | Found Nuyt's Antique Weapon Shop.
   405 | D:1      | Found Eqommyzo's Armour Emporium.
   523 | D:2      | Reached XP level 3. HP: 27/27 MP: 3/3
   577 | D:2      | Identified the +1 leather armour "Socwelum" {Int+3 Dex+5}
   750 | D:2      | Reached skill level 4 in Polearms
   981 | D:2      | Reached XP level 4. HP: 33/33 MP: 4/4
  1233 | D:2      | Found a faded altar of an unknown god.
  1436 | D:3      | Reached skill level 5 in Polearms
  1439 | D:3      | Reached XP level 5. HP: 31/38 MP: 5/5
  2353 | D:4      | Reached XP level 6. HP: 31/44 MP: 6/6
  2365 | D:4      | Reached skill level 6 in Polearms
  2471 | D:4      | Noticed Eustachio
  2550 | D:4      | Found a runed translucent door.
  2585 | D:4      | Found a snail-covered altar of Cheibriados.
  2602 | D:4      | Noticed ongoing's ghost (amateur GrMo)
  2891 | D:4      | Reached skill level 1 in Armour
  3068 | D:4      | Reached XP level 7. HP: 42/51 MP: 7/7
  3517 | D:4      | Reached skill level 7 in Polearms
  3520 | D:4      | Killed Eustachio
  3743 | D:5      | Entered Level 5 of the Dungeon
  3763 | D:4      | Reached XP level 8. HP: 21/60 MP: 8/8
  4103 | D:1      | Bought a runed spear for 186 gold pieces
  4509 | D:5      | Noticed Robin
  4509 | D:5      | Noticed Ijyb
  4513 | D:5      | Killed Ijyb
  4523 | D:5      | Killed Robin
  4896 | D:6      | Reached skill level 8 in Polearms
  5098 | D:6      | Reached skill level 5 in Fighting
  5122 | D:6      | Noticed Duvessa
  5122 | D:6      | Noticed Dowan
  5127 | D:6      | Killed Duvessa
  5128 | D:6      | Reached XP level 9. HP: 62/68 MP: 9/9
  5131 | D:6      | Killed Dowan
  5301 | D:6      | Noticed Maggie
  5319 | D:6      | Killed Maggie
  5320 | D:6      | Reached skill level 9 in Polearms
  5484 | D:6      | Found a runed translucent door.
  5485 | D:6      | Noticed Crazy Yiuf
  5491 | D:6      | Killed Crazy Yiuf
  5618 | D:6      | Found a staircase to the Ecumenical Temple.
  5625 | Temple   | Entered the Ecumenical Temple
  5695 | Temple   | Became a worshipper of the Wu Jian Council
  6064 | D:7      | Reached skill level 5 in Armour
  6153 | D:7      | Found Karghoc's Antique Armour Emporium.
  6516 | D:7      | Reached skill level 10 in Polearms
  6522 | D:7      | Identified the +5 leather armour "Egrim" {Rampage rPois
                  | Will+}
  6600 | D:8      | Reached XP level 10. HP: 62/77 MP: 10/10
  6613 | D:8      | Found a transporter.
  6653 | D:8      | Found Wyelos's Assorted Antiques.
  6750 | D:8      | Reached * piety under Wu Jian
  6904 | D:8      | a polar bear changed into a meliai
  6904 | D:8      | Noticed a meliai (shapeshifter)
  6915 | D:8      | Noticed makewrite's ghost (novice MiBe)
  6929 | D:8      | Found a one-way gate to the infinite horrors of the Abyss.
  6930 | D:8      | Found a transporter.
  6978 | D:8      | Found a hide-covered altar of Uskayaw.
  6978 | D:8      | Found a bloodstained altar of Trog.
  6979 | D:8      | Found a shadowy altar of Dithmenos.
  6980 | D:8      | Found a hazy altar of Hepliaklqana.
  7295 | D:9      | Noticed a two-headed ogre
  7301 | D:9      | Killed a two-headed ogre
  7459 | D:9      | Noticed an ogre mage
  7459 | D:9      | Noticed a centaur warrior
  7560 | D:9      | Reached skill level 11 in Polearms
  7715 | D:9      | Found a staircase to the Lair.
  7915 | D:9      | Noticed a cyclops
  7922 | D:9      | Killed a cyclops
  7922 | D:9      | Reached ** piety under Wu Jian
  7923 | D:9      | Reached XP level 11. HP: 36/85 MP: 11/11
  8191 | D:10     | Entered Level 10 of the Dungeon
  8192 | D:10     | Upgraded the game from 0.32-a0-931-g5a2cda0630 to
                  | 0.32-a0-932-g546787307d
  8192 | D:10     | Found a flagged portal.
  8210 | Bailey   | Entered a bailey
  8260 | Bailey   | Reached skill level 5 in Dodging
  8281 | Bailey   | Noticed a vault guard
  8281 | Bailey   | Noticed Prince Ribbit
  8287 | Bailey   | Killed a vault guard
  8290 | Bailey   | Killed Prince Ribbit
  8376 | Bailey   | Noticed a vault guard
  8389 | Bailey   | Killed a vault guard
  8541 | D:10     | Reached *** piety under Wu Jian
  8542 | D:10     | Reached skill level 12 in Polearms
  8753 | D:10     | Noticed a two-headed ogre
  8762 | D:10     | Killed a two-headed ogre
  8899 | D:10     | Noticed Joseph
  8905 | D:10     | Killed Joseph
  8982 | D:10     | Found a staircase to the Orcish Mines.
  9156 | Lair:1   | Entered Level 1 of the Lair of Beasts
  9177 | Lair:1   | You fall into a shaft and drop 1 floor!
  9202 | Lair:2   | HP: 4/130 [black mamba (8)]
  9202 | Lair:2   | HP: 1/130 [black mamba (3)]
  9202 | Lair:2   | Slain by a cane toad

Illustrated notes

Levels and vault maps discovered:
D:1:      lemuel_arrival_cross, layout_rooms, serial_shops, shop, shop
D:2:      layout_loops_ring, shapermc_ecumenical_altar_hornbeckon
D:3:      layout_loops_ring
D:4:      lemuel_castle_with_subvaults [lemuel_castle_interior_carwin_2],
          layout_loops_corners, mainiacjoe_overflow_boulevard,
          ebering_ghost_sewer_d, uniq_eustachio
D:5:      layout_basic, nicolae_goblin_pals
D:6:      layout_loops_corners, minmay_temple_entry_statues,
          corexii_hall_statues_s, uniq_duvessa, uniq_maggie,
          uniq_crazy_yiuf_cottage
D:7:      layout_basic, serial_shops, shop
D:8:      layout_gridville, minitemple, gammafunk_ghost_abyssal_escape,
          serial_shops, shop
D:9:      layout_roguey, minmay_lair_entry_grove,
          onia_ninara_dug_in_and_dangerous
D:10:     layout_cave_pools, hiddenorc1_lemuel, enter_bailey_3,
          serial_library_regret_index_branch_corner, uniq_joseph
Temple:   minmay_crystal_spiral_temple
Lair:1:   layout_regular_city, enter_volcano_2, fungi_pond_lemuel,
          minmay_shattered_shrine
Lair:2:   layout_hall_layers, nicolae_shoals_entry_flooding, serial_bayou_pond_b

Skill      XL: |  1  2  3  4  5  6  7  8  9 10 11 |
---------------+----------------------------------+-----
Polearms       | 3 4 5 6 7 8 10 11 12 | 12.5
Armour         | 1 2 4 5 6 7 |  7.7
Fighting       | 3 5 6 7 8 |  8.8
Dodging        | 4 6 |  6.0
Throwing       | |  1.7

Action                     |  1- 3 |  4- 6 |  7- 9 | 10-12 || total
---------------------------+-------+-------+-------+-------++-------
  Melee: Trident           |    86 |   281 |   369 |   413 ||  1149
         Dagger            |    54 |    26 |       |       ||    80
         Spear             |       |       |   178 |   418 ||   596
         Unarmed           |       |       |     3 |       ||     3
Ability: Lunge             |       |       |     7 |    36 ||    43
         Whirlwind         |       |       |       |    65 ||    65
  Evoke: Wand              |       |       |     2 |     2 ||     4
    Use: Scroll            |       |     8 |    10 |     3 ||    21
         Potion            |       |       |       |     1 ||     1
   Stab: Sleeping          |     1 |       |       |     2 ||     3
 Armour: Leather armour    |    17 |       |     5 |   140 ||   162
         Chain mail        |    20 |    19 |       |       ||    39
         Plate armour      |       |   128 |   189 |       ||   317
         Skin              |       |    10 |       |       ||    10
  Dodge: Dodged            |    25 |    53 |    51 |   115 ||   244

Table legend: (Time is in decaauts)
 A = Elapsed time spent in this place.
 B = Non-inter-level travel time spent in this place.
 C = Inter-level travel time spent in this place.
 D = Time resting spent in this place.
 E = Time spent auto-exploring this place.
 F = Levels seen in this place.
 G = Mean time per level.
                   A        B        C        D        E       F      G
               +--------+--------+--------+--------+--------+-----+--------+
         Total |   9081 |   8496 |    585 |   1018 |   5566 |  14 |  648.6 |
       Dungeon |   8609 |   8162 |    447 |    925 |   5507 |  10 |  860.9 |
        Temple |    140 |      2 |    138 |      0 |      0 |   1 |  140.0 |
          Lair |     37 |     37 |      0 |      0 |      7 |   2 |   18.5 |
        Bailey |    294 |    294 |      0 |     93 |     51 |   1 |  294.0 |
               +--------+--------+--------+--------+--------+-----+--------+

Top non-repeatable levels by time:
     D:4: 1934 daAuts
     D:9: 967 daAuts
     D:6: 918 daAuts
     D:3: 864 daAuts
     D:2: 784 daAuts
     D:5: 713 daAuts
     D:7: 640 daAuts
     D:8: 638 daAuts
    D:10: 597 daAuts
     D:1: 551 daAuts
  Bailey: 294 daAuts
  Temple: 140 daAuts
  Lair:2: 18 daAuts
  Lair:1: 18 daAuts
